AoeStats
← WALLACE

Golden Pit

508564321Analyzed
1v1 RM · 24d ago on Sep 23, 2026· 51m 15s· 2 players
Game mode
Random Map
Map size
Tiny (2 player)
Population
200
Speed
Normal
Resources
Standard
Victory
Conquest
Starting age
Dark Age
Ending age
Imperial Age
RankedLock teamsTeams togetherTeam positionsShared explorationLock speedFull tech treeHidden civsTurbo modeCheats
Victory
Defeat
🇺🇸 Berbers · United States
771
+15
vs
🇨🇱 Poles · Chile
742
-15
WALLACE
8:15 Loom
12:12 Feudal Age
12:43 Double-Bit Axe
12:46 Town Watch
15:38 Gold Mining
20:06 Fletching
22:21 Castle Age
21:03 Stone Mining
23:22 Town Patrol
23:23 Bodkin Arrow
26:59 Stone Shaft Mining
26:02 Crossbowman
35:25 Murder Holes
35:51 Pikeman
38:48 Ballistics
41:11 Imperial Age
38:37 Treadmill Crane
48:20 Bow Saw
TenToesDown3891
11:09 Feudal Age
9:24 Loom
13:33 Double-Bit Axe
15:39 Fletching
16:54 Wheelbarrow
17:57 Padded Archer Armor
17:50 Gold Mining
19:48 Scale Barding Armor
20:06 Town Watch
23:46 Castle Age
22:12 Stone Mining
24:29 Bloodlines
24:35 Forging
25:30 Horse Collar
28:32 Bow Saw
29:17 Chain Barding Armor
32:28 Bodkin Arrow
35:55 Husbandry
36:50 Leather Archer Armor
37:13 Thumb Ring
38:50 Hand Cart
38:50 Thumb Ring
40:17 Ballistics
46:34 Imperial Age
46:51 Kasbah
47:08 Elite Genitour
49:34 Bracer
Connection lost

Rejoining the realm…

Still unreachable

The connection could not be restored.

Session expired

The server has moved on; the page needs a fresh start.